 Dungeon Crawl Stone Soup version 0.24.0-13-gcf9b319 (webtiles) character file.

Game seed: 13659262832090703181, levelgen mode: deterministic

56 Aeroq the Conjurer (level 3, -4/26 HPs)
             Began as a Draconian Conjurer on Dec 20, 2019.
             Slain by a worm (11 damage)
             ... on level 2 of the Dungeon.
             The game lasted 00:03:14 (2358 turns).

Aeroq the Conjurer (Draconian Conjurer)             Turns: 2358, Time: 00:03:14

Health: -4/26      AC:  5    Str:  8 (10) XL:     3   Next: 69%
Magic:  0/6        EV: 12    Int: 14 (16) God:
Gold:   121        SH:  0    Dex:  8 (11) Spells: 5/6 levels left

rFire    . . .     SeeInvis .   e - +0 dagger
rCold    . . .     Gourm    .   (no shield)
rNeg     . . .     Faith    .   (armour unavailable)
rPois    .         Spirit   .   (helmet restricted)
rElec    .         Reflect  .   (no cloak)
rCorr    .         Harm     .   (no gloves)
MR       .....                  (no boots)
Stlth    ++........             (no amulet)
HPRegen  0.08/turn              (no ring)
MPRegen  0.10/turn              (no ring)

@: very slightly contaminated
A: unfitting armour, cold-blooded, AC +5
a: no special abilities


You were on level 2 of the Dungeon.
You were not hungry.

You visited 1 branch of the dungeon, and saw 2 of its levels.

You collected 121 gold pieces.

Inventory:

Hand Weapons
 e - a +0 dagger (weapon)
Armour
 h - a +0 buckler
Scrolls
 a - 4 scrolls of identify {unknown}
 d - a scroll of amnesia {unknown}
 f - a scroll of remove curse {unknown}
 g - a scroll of teleportation {unknown}
 i - a scroll of enchant weapon {unknown}
Potions
 j - a potion of ambrosia {unknown}
Comestibles
 b - 7 rations
 c - 5 chunks of flesh


   Skills:
 + Level 2.3 Dodging
 - Level 1.7 Stealth
 + Level 0.6 Shields
 + Level 2.4 Spellcasting
 * Level 4.7 Conjurations


You had 5 spell levels left.
You knew the following spells:

 Your Spells              Type           Power        Failure   Level  Hunger
a - Magic Dart            Conj           ###.         3%          1    #......

Your spell library contained the following spells:

 Spells                   Type           Power        Failure   Level  Hunger
 Searing Ray              Conj           ###...       4%          2    ###....
 Dazzling Spray           Conj/Hex       #.....       26%         3    ###....
 Iskenderun's Mystic Bla  Conj           ###.....     32%         4    #####..
 Force Lance              Conj/Tloc      #.......     65%         4    #####..
 Fulminant Prism          Conj/Hex       #.........   65%         4    #####..


Dungeon Overview and Level Annotations

Branches:
Dungeon (2/15)

Altars:
Yredelemnul


Innate Abilities, Weirdness & Mutations

Your plain brown scales are hard. (AC +5)
You cannot fit into any form of body armour.
You are cold-blooded and may be slowed by cold attacks.


Message History

The worm is almost dead.
The worm barely misses you.
You hit the worm.
The worm is almost dead.
You hit the worm.
The worm is almost dead.
The worm bites you.
* * * LOW HITPOINT WARNING * * *
Casting: Magic Dart (safe; 3% risk of failure)
Confirm with . or Enter, or press ? or * to list all spells.
Aiming: Magic Dart (safe; 3% risk of failure)
Press: ? - help, Shift-Dir - straight line, f/p - worm
Aim: a worm (almost dead)
You miscast Magic Dart.
You are very lightly contaminated with residual magic.
Your skin tingles.
You hit the worm but do no damage.
The worm is almost dead.
The worm bites you!
You die...

#.#.....>...+......^..##.# .
#.#.##'#......[.......##.# #
#.#.#.....P.P.####+#####.#
####.#.#......_..## #.#
...#.#.#.....P.P..# #.#
.....#.#..#......)## #.#
...###.#.##.#.#....# #.#
....<#.#.##.#.####.##+#####.#
######.#.##.#...@w.....$.##.#
.......#.##.#######......##.#
########.##.# ......##.# #
#.##.# ..######.# # #.##.#
..# #.# # #.##.# ..# #.# #
#.# ### #.# ##### #.#
....####.. #.#


You could see a worm.

Vanquished Creatures
  An adder (D:2)
  An ooze (D:1)
  A dart slug (D:2)
  2 leopard geckos (D:1)
  3 bats
  5 giant cockroaches
  11 goblins
  A hobgoblin (D:2)
  A kobold (D:1)
  2 ball pythons
  2 frilled lizards
  4 rats (D:1)
34 creatures vanquished.

Notes
Turn   | Place    | Note
-------+----------+-------------------------------------------
     0 | D:1      | Aeroq the Draconian Conjurer began the quest for the Orb.
     0 | D:1      | Reached XP level 1. HP: 14/14 MP: 3/3
   430 | D:1      | Reached XP level 2. HP: 13/20 MP: 0/5
  1037 | D:1      | Reached XP level 3. HP: 25/26 MP: 3/6
  2155 | D:2      | Found a basalt altar of Yredelemnul.
  2358 | D:2      | Slain by a worm

Levels and vault maps discovered:
D:1:      lightli_arrival_statuegarden, layout_loops_ring
D:2:      layout_basic, yredelemnul_altar_generic, serial_corexii_hall,
          corexii_hall_statues_t, corexii_hall_statues_l,
          minmay_worlds_worst_comb

Skill      XL: |  1 |
---------------+----+-----
Dodging        | 2 |  2.3
Stealth        | |  1.7
Shields        | |  0.6
Spellcasting   | |  2.4
Conjurations   | |  4.7

Action                   || total
-------------------------++-------
Melee: Unarmed           ||    22
       Tailslap          ||     4
       Dagger            ||    30
 Cast: Magic Dart        ||    65
  Use: Potion            ||     4
 Stab: Sleeping          ||     2
  Eat: Chunk             ||     5
Armor: Skin              ||    15
Dodge: Dodged            ||    51
